[Event "DLM Youth 2024"]
[Site "Tuebingen"]
[Date "2024.10.04"]
[Round "4"]
[White "Didas, Emma"]
[Black "Tu, Audrey"]
[Result "0-1"]
[ECO "C54"]
[WhiteElo "1078"]
[BlackElo "1722"]
[Annotator "NA RC"]
[PlyCount "62"]
[EventDate "2024.10.03"]
[EventType "team-swiss"]
[EventRounds "7"]
[EventCountry "GER"]
[SourceTitle "playchess.com"]
[Source "ChessBase"]
[SourceQuality "1"]
[TimeControl "40/5400+30:1800+30"]

1. e4 e5 2. Nf3 Nc6 3. Bc4 Bc5 4. c3 Nf6 5. d3 d6 6. a4 a6 7. b4 Ba7 8. O-O h6 9. Nbd2 O-O 10. h3 Be6 11. Bxe6 fxe6 12. Re1 Nh5 13. Nf1 Qf6 14. Ne3 Nf4 15. Ng4 Qg6 16. Bxf4 Rxf4 17. Ra2 Raf8 18. Kh1 Qh5 19. Nd2 Qh4 20. Nf3 Qh5 21. Nd2 Kh8 22. f3 Ne7 23. b5 Ng6 24. Qe2 R4f7 25. bxa6 Nf4 26. Qf1 bxa6 27. Rb2 Qh4 28. Rbb1 Nh5 29. Rb7 Ng3+ 30. Kh2 Nxf1+ 31. Rxf1 Bb6 0-1

[Event "DLM Youth 2024"]
[Site "Tuebingen"]
[Date "2024.10.05"]
[Round "5"]
[White "Ermitsch, Magnus"]
[Black "Foksha, Mischa"]
[Result "1-0"]
[ECO "B96"]
[WhiteElo "2396"]
[BlackElo "2078"]
[Annotator "RC"]
[PlyCount "58"]
[EventDate "2024.10.03"]
[EventType "team-swiss"]
[EventRounds "7"]
[EventCountry "GER"]
[SourceTitle "playchess.com"]
[Source "ChessBase"]
[SourceQuality "1"]
[TimeControl "40/5400+30:1800+30"]

1. e4 c5 2. Nf3 d6 3. d4 cxd4 4. Nxd4 Nf6 5. Nc3 a6 6. Bg5 e6 7. f4 h6 8. Bh4 Qb6 9. a3 Nc6 10. Bf2 Qc7 11. Qf3 e5 12. Nxc6 Qxc6 13. f5 b5 14. O-O-O Bb7 15. Nd5 Nxd5 16. exd5 Qc7 17. g4 Rc8 18. Qe4 Be7 19. h4 Bd8 20. Kb1 Qa5 21. Be1 Qb6 22. a4 f6 23. a5 Qc7 24. Bb4 Qd7 25. b3 Bc7 26. g5 Qd8 27. gxf6 Qxf6 28. Rg1 O-O 29. Bd3 Bd8 1-0

[Event "DLM Youth 2024"]
[Site "Tuebingen"]
[Date "2024.10.05"]
[Round "5"]
[White "Pubantz, Jan"]
[Black "Haubold, Sebastian"]
[Result "1-0"]
[ECO "E94"]
[WhiteElo "2318"]
[BlackElo "2030"]
[Annotator "RC"]
[PlyCount "93"]
[EventDate "2024.10.03"]
[EventType "team-swiss"]
[EventRounds "7"]
[EventCountry "GER"]
[SourceTitle "playchess.com"]
[Source "ChessBase"]
[SourceQuality "1"]
[TimeControl "40/5400+30:1800+30"]

1. d4 Nf6 2. c4 g6 3. Nc3 Bg7 4. e4 d6 5. Be2 O-O 6. Nf3 e5 7. Be3 exd4 8. Nxd4 Re8 9. Qc2 c6 10. O-O Qe7 11. Rae1 Nbd7 12. Qd2 Nc5 13. f3 d5 14. b4 Ncd7 15. cxd5 Nxd5 16. Nxd5 cxd5 17. Nb5 Nf8 18. Bc5 Qd8 19. Qxd5 Ne6 20. Nd6 Rf8 21. Be3 Qe7 22. f4 Rd8 23. e5 Nc7 24. Qb3 Be6 25. Bc4 Bxc4 26. Qxc4 Ne8 27. Bc5 b6 28. Nxe8 Qxe8 29. Bd6 Rac8 30. Qe4 Qe6 31. a3 Rc4 32. f5 gxf5 33. Qxf5 Qxf5 34. Rxf5 Re8 35. Ref1 Re4 36. Rxf7 Bxe5 37. Bxe5 R4xe5 38. Rxa7 Rg5 39. Rc1 h5 40. h3 b5 41. Kh2 Rd8 42. Rb7 h4 43. Rc5 Rg3 44. Rbxb5 Rxa3 45. Rg5+ Kf7 46. Rg4 Rd2 47. Rxh4 1-0

[Event "DLM Youth 2024"]
[Site "Tuebingen"]
[Date "2024.10.05"]
[Round "5"]
[White "Haack, Kevin"]
[Black "Lutz, Ruben"]
[Result "1/2-1/2"]
[ECO "E06"]
[WhiteElo "2305"]
[BlackElo "2270"]
[Annotator "RC"]
[PlyCount "104"]
[EventDate "2024.10.03"]
[EventType "team-swiss"]
[EventRounds "7"]
[EventCountry "GER"]
[SourceTitle "playchess.com"]
[Source "ChessBase"]
[SourceQuality "1"]
[TimeControl "40/5400+30:1800+30"]

1. c4 e6 2. Nf3 d5 3. g3 Nf6 4. Bg2 Be7 5. d4 O-O 6. O-O c6 7. Nc3 b6 8. Ne5 Ba6 9. Re1 Bxc4 10. Nxc4 dxc4 11. e3 Nd5 12. a4 Na6 13. Bf1 c5 14. Bxc4 Nab4 15. e4 Nxc3 16. bxc3 Nc6 17. Bb2 Na5 18. Bf1 Qc7 19. h4 Rad8 20. h5 e5 21. d5 c4 22. Ra2 Bc5 23. Bc1 Nb7 24. h6 g6 25. Bxc4 Bxf2+ 26. Rxf2 Qxc4 27. Bg5 Rd7 28. Bf6 Re8 29. Qf3 Qc7 30. Be7 f5 31. Ba3 Rf7 32. Qe3 Nd6 33. Bxd6 Qxd6 34. Ref1 Ref8 35. c4 fxe4 36. Rxf7 Rxf7 37. Rxf7 Kxf7 38. Qxe4 Ke7 39. Kg2 Qf6 40. a5 Kd6 41. Qe3 Kd7 42. axb6 axb6 43. Qf3 Qf5 44. Qe2 Kd6 45. Qe3 Qc2+ 46. Kh3 Qxc4 47. Qxb6+ Kxd5 48. Qb7+ Ke6 49. Qxh7 Qf1+ 50. Kh2 Qf2+ 51. Kh3 Qf1+ 52. Kh2 Qf2+ 1/2-1/2

[Event "DLM Youth 2024"]
[Site "Tuebingen"]
[Date "2024.10.05"]
[Round "5"]
[White "Gallasch, Jonas"]
[Black "Fuhrmann, Bahne"]
[Result "0-1"]
[ECO "A31"]
[WhiteElo "2291"]
[BlackElo "2146"]
[Annotator "RC"]
[PlyCount "100"]
[EventDate "2024.10.03"]
[EventType "team-swiss"]
[EventRounds "7"]
[EventCountry "GER"]
[SourceTitle "playchess.com"]
[Source "ChessBase"]
[SourceQuality "1"]
[TimeControl "40/5400+30:1800+30"]

1. Nf3 Nf6 2. c4 c5 3. d4 cxd4 4. Nxd4 Nc6 5. Nc3 Qb6 6. Nb3 e6 7. e4 Bb4 8. Be3 Qd8 9. Qc2 d5 10. exd5 exd5 11. O-O-O d4 12. Nxd4 Qe7 13. Nxc6 bxc6 14. Bd3 O-O 15. Rhe1 Qe5 16. Bd4 Qg5+ 17. Kb1 c5 18. h4 Qf4 19. Be5 Qh6 20. Bxf6 Qxf6 21. Nd5 Qh6 22. Nxb4 cxb4 23. Qd2 Qf6 24. Be4 Bf5 25. Qf4 Bxe4+ 26. Rxe4 Qg6 27. Qg4 Qb6 28. Qe2 b3 29. axb3 Qxb3 30. Qc2 Qb7 31. f3 a5 32. Rd5 a4 33. Rb5 Qc6 34. Qc3 Rfc8 35. Ree5 h5 36. Qd3 g6 37. Qe4 Qd6 38. Red5 Qf6 39. Ra5 a3 40. Rxa3 Rxa3 41. bxa3 Qc3 42. Rb5 Rd8 43. Rb2 Qxa3 44. Qc2 Qe3 45. Qe4 Qg1+ 46. Ka2 Qa7+ 47. Kb1 Qg1+ 48. Ka2 Qa7+ 49. Kb1 Qa4 50. Rc2 Rd1+ 0-1

[Event "DLM Youth 2024"]
[Site "Tuebingen"]
[Date "2024.10.05"]
[Round "5"]
[White "Chassard, Cedric"]
[Black "Semling, Julius"]
[Result "1/2-1/2"]
[ECO "B52"]
[WhiteElo "2289"]
[BlackElo "2233"]
[Annotator "RC"]
[PlyCount "43"]
[EventDate "2024.10.03"]
[EventType "team-swiss"]
[EventRounds "7"]
[EventCountry "GER"]
[SourceTitle "playchess.com"]
[Source "ChessBase"]
[SourceQuality "1"]
[TimeControl "40/5400+30:1800+30"]

1. e4 c5 2. Nf3 d6 3. Bb5+ Bd7 4. Bxd7+ Qxd7 5. c4 Nc6 6. Nc3 g6 7. d4 cxd4 8. Nxd4 Bg7 9. Be3 Nf6 10. f3 O-O 11. O-O a6 12. Qd3 Rfc8 13. b3 b5 14. cxb5 Ne5 15. Qd2 d5 16. Nxd5 Nxd5 17. exd5 axb5 18. Rad1 Qxd5 19. Qe2 Nc6 20. Nxb5 Qe6 21. Qf2 Nb4 22. Rd2 1/2-1/2

[Event "DLM Youth 2024"]
[Site "Tuebingen"]
[Date "2024.10.05"]
[Round "5"]
[White "Bornholdt, Joa Max"]
[Black "Nunez Gregoire, Daniel"]
[Result "1-0"]
[ECO "C54"]
[WhiteElo "2268"]
[BlackElo "2154"]
[Annotator "RC"]
[PlyCount "67"]
[EventDate "2024.10.03"]
[EventType "team-swiss"]
[EventRounds "7"]
[EventCountry "GER"]
[SourceTitle "playchess.com"]
[Source "ChessBase"]
[SourceQuality "1"]
[TimeControl "40/5400+30:1800+30"]

1. e4 e5 2. Nf3 Nc6 3. Bc4 Bc5 4. c3 Nf6 5. d4 exd4 6. b4 Bb6 7. e5 d5 8. exf6 dxc4 9. Qe2+ Be6 10. b5 d3 11. Qe4 Nb4 12. O-O Nc2 13. fxg7 Rg8 14. Bg5 Qd5 15. Qxh7 Kd7 16. Bf6 Rae8 17. Ne5+ Kc8 18. Nd2 Nxa1 19. Rxa1 Qxb5 20. Rb1 Qa4 21. Qe4 Qxa2 22. Qf4 Ba5 23. Nef3 Qa3 24. Ne4 Bb6 25. h4 Qa5 26. Ne5 Qa2 27. Rf1 Qe2 28. Ng3 Qc2 29. Qe4 Bxf2+ 30. Rxf2 Qc1+ 31. Nf1 Qh6 32. Qe3 Qh5 33. Qxa7 c6 34. Rb2 1-0

[Event "DLM Youth 2024"]
[Site "Tuebingen"]
[Date "2024.10.05"]
[Round "5"]
[White "Weihrauch, Jakob"]
[Black "Besou, Hussain"]
[Result "0-1"]
[ECO "B90"]
[WhiteElo "2264"]
[BlackElo "2345"]
[Annotator "RC"]
[PlyCount "70"]
[EventDate "2024.10.03"]
[EventType "team-swiss"]
[EventRounds "7"]
[EventCountry "GER"]
[SourceTitle "playchess.com"]
[Source "ChessBase"]
[SourceQuality "1"]
[TimeControl "40/5400+30:1800+30"]

1. e4 c5 2. Nf3 d6 3. d4 cxd4 4. Nxd4 Nf6 5. Nc3 a6 6. h3 e5 7. Nf3 Be7 8. g4 h6 9. Rg1 b5 10. g5 hxg5 11. Nxg5 Bb7 12. Be3 Nbd7 13. a4 b4 14. Bc4 Rf8 15. Nd5 Rc8 16. b3 Nxd5 17. exd5 Nb6 18. Bxb6 Qxb6 19. a5 Qd8 20. Qd2 Rc5 21. Qxb4 Bxd5 22. Bxd5 Rxd5 23. Qb7 Rc5 24. Ne4 Rxc2 25. Qxa6 f5 26. Qd3 Qc7 27. Kd1 Rc6 28. Nd2 e4 29. Qb5 Qd7 30. Ke2 f4 31. Qh5+ Kd8 32. Nxe4 f3+ 33. Kd1 Qe6 34. Qg4 Qxb3+ 35. Ke1 Qb2 0-1

[Event "DLM Youth 2024"]
[Site "Tuebingen"]
[Date "2024.10.05"]
[Round "5"]
[White "Heinrich, John"]
[Black "Sydykov, Bayastan"]
[Result "1/2-1/2"]
[ECO "A14"]
[WhiteElo "2237"]
[BlackElo "2268"]
[Annotator "RC"]
[PlyCount "103"]
[EventDate "2024.10.03"]
[EventType "team-swiss"]
[EventRounds "7"]
[EventCountry "GER"]
[SourceTitle "playchess.com"]
[Source "ChessBase"]
[SourceQuality "1"]
[TimeControl "40/5400+30:1800+30"]

1. c4 e6 2. g3 d5 3. Bg2 Nf6 4. Nf3 Be7 5. O-O O-O 6. b3 b6 7. cxd5 exd5 8. Nc3 Bb7 9. e3 Nbd7 10. Bb2 Re8 11. Rc1 a6 12. Ne2 Bd6 13. Rc2 Rc8 14. Qa1 Bf8 15. Rfc1 Ne4 16. Nf4 c6 17. h4 a5 18. h5 Ng5 19. Nh2 Qe7 20. h6 g6 21. Ng4 Qd6 22. Bf6 Ne4 23. Bxe4 Rxe4 24. d3 Ree8 25. e4 c5 26. e5 Qc6 27. d4 Be7 28. Bxe7 Rxe7 29. Kh2 g5 30. Nh5 Qg6 31. Nhf6+ Nxf6 32. Nxf6+ Kf8 33. Qc3 Qxh6+ 34. Kg2 Qg6 35. f3 Kg7 36. Qd2 h6 37. g4 a4 38. bxa4 Ra8 39. Rb2 Rxa4 40. Rxb6 Rxd4 41. Qe2 Qd3 42. Qxd3 Rxd3 43. Rcb1 Rxe5 44. Nh5+ Kg8 45. Rxb7 Re2+ 46. Kg3 Rdd2 47. Rh1 c4 48. Rc7 Rxa2 49. Nf6+ Kg7 50. Nxd5 Rg2+ 51. Kh3 Rgf2 52. Kg3 1/2-1/2

[Event "DLM Youth 2024"]
[Site "Tuebingen"]
[Date "2024.10.05"]
[Round "5"]
[White "Semling, Johannes"]
[Black "Liebold, Aaron"]
[Result "1-0"]
[ECO "B90"]
[WhiteElo "2206"]
[BlackElo "2058"]
[Annotator "RC"]
[PlyCount "57"]
[EventDate "2024.10.03"]
[EventType "team-swiss"]
[EventRounds "7"]
[EventCountry "GER"]
[SourceTitle "playchess.com"]
[Source "ChessBase"]
[SourceQuality "1"]
[TimeControl "40/5400+30:1800+30"]

1. e4 c5 2. Nf3 d6 3. d4 cxd4 4. Nxd4 Nf6 5. Nc3 a6 6. h3 e5 7. Nf3 Be7 8. g4 h6 9. Rg1 b5 10. g5 hxg5 11. Nxg5 Bb7 12. Be3 Nbd7 13. a4 b4 14. Bc4 bxc3 15. Bxf7+ Kf8 16. Bg6 cxb2 17. Ne6+ Kg8 18. Bf5 Qf8 19. Rb1 Qf7 20. Rxg7+ Qxg7 21. Nxg7 Kxg7 22. Bxd7 Bxe4 23. Rxb2 Kf7 24. f3 Nxd7 25. fxe4 Nf6 26. Qf3 Rh5 27. Bf2 Rd8 28. Rb7 Kf8 29. Rb6 1-0

[Event "DLM Youth 2024"]
[Site "Tuebingen"]
[Date "2024.10.05"]
[Round "5"]
[White "Weber, Nikita"]
[Black "Wunderlich, Elias"]
[Result "0-1"]
[ECO "A13"]
[WhiteElo "2130"]
[BlackElo "2073"]
[Annotator "RC"]
[PlyCount "88"]
[EventDate "2024.10.03"]
[EventType "team-swiss"]
[EventRounds "7"]
[EventCountry "GER"]
[SourceTitle "playchess.com"]
[Source "ChessBase"]
[SourceQuality "1"]
[TimeControl "40/5400+30:1800+30"]

1. Nf3 d5 2. c4 e6 3. e3 Nf6 4. Nc3 Be7 5. b3 b6 6. Bb2 O-O 7. Be2 c5 8. cxd5 Nxd5 9. Nxd5 Qxd5 10. Ne5 Nd7 11. Bf3 Qd6 12. Nc4 Qb8 13. Bxa8 Qxa8 14. O-O Rd8 15. Qc2 b5 16. Ne5 Nxe5 17. Bxe5 Qd5 18. d4 f6 19. Bc7 Rd7 20. Bg3 Bb7 21. f3 cxd4 22. exd4 Qxd4+ 23. Bf2 Qf4 24. Qe2 Qf5 25. Rad1 Rc7 26. Rc1 Bd6 27. Rxc7 Bxc7 28. Bxa7 Kf7 29. Re1 h5 30. Bf2 g5 31. Rd1 Bd5 32. Qe3 Ke8 33. a4 bxa4 34. bxa4 h4 35. Qe2 Kf7 36. Rd4 Qb1+ 37. Qd1 Qb7 38. Qc2 Kg7 39. Rd1 Be5 40. Rb1 Qa8 41. h3 g4 42. Rb4 f5 43. hxg4 h3 44. Bd4 Bxd4+ 0-1

[Event "DLM Youth 2024"]
[Site "Tuebingen"]
[Date "2024.10.05"]
[Round "5"]
[White "Karle, Sam"]
[Black "Farokhi, Keyvan"]
[Result "0-1"]
[ECO "C70"]
[WhiteElo "2124"]
[BlackElo "2306"]
[Annotator "RC"]
[PlyCount "42"]
[EventDate "2024.10.03"]
[EventType "team-swiss"]
[EventRounds "7"]
[EventCountry "GER"]
[SourceTitle "playchess.com"]
[Source "ChessBase"]
[SourceQuality "1"]
[TimeControl "40/5400+30:1800+30"]

1. e4 e5 2. Nf3 Nc6 3. Bb5 a6 4. Ba4 f5 5. d4 exd4 6. e5 b5 7. Bb3 Na5 8. Nxd4 Nxb3 9. axb3 Bb7 10. Nxf5 d6 11. exd6 Qd7 12. Ne3 Bxd6 13. O-O Nf6 14. c4 O-O 15. Nc3 Rae8 16. c5 Bxc5 17. Qxd7 Nxd7 18. Nc2 b4 19. Na4 Bd6 20. Be3 Bd5 21. Ne1 Rxe3 0-1

[Event "DLM Youth 2024"]
[Site "Tuebingen"]
[Date "2024.10.05"]
[Round "5"]
[White "Butenandt, Svenja"]
[Black "Hinrichs, Paul"]
[Result "0-1"]
[ECO "D61"]
[WhiteElo "2121"]
[BlackElo "2264"]
[Annotator "RC"]
[PlyCount "80"]
[EventDate "2024.10.03"]
[EventType "team-swiss"]
[EventRounds "7"]
[EventCountry "GER"]
[SourceTitle "playchess.com"]
[Source "ChessBase"]
[SourceQuality "1"]
[TimeControl "40/5400+30:1800+30"]

1. d4 d5 2. c4 c6 3. Nc3 Nf6 4. Nf3 e6 5. Bg5 h6 6. Bh4 Be7 7. e3 Nbd7 8. Qc2 O-O 9. Rd1 b6 10. cxd5 cxd5 11. Bb5 a6 12. Bc6 Ra7 13. Qa4 Nb8 14. Bb5 Rc7 15. Bd3 b5 16. Qb3 Nc6 17. Bg3 Bd6 18. Bxd6 Qxd6 19. Rc1 Na5 20. Qd1 Nc4 21. Qb3 Na5 22. Qd1 Qb4 23. Qd2 Nc4 24. Bxc4 dxc4 25. O-O Bb7 26. Ne5 Rfc8 27. Qe2 Ne4 28. f3 Nxc3 29. Rxc3 f6 30. Ng4 Qd6 31. Rfc1 a5 32. Qc2 b4 33. Qg6 bxc3 34. Nxf6+ Kf8 35. Nh7+ Ke7 36. Qxg7+ Kd8 37. Qg6 cxb2 38. Rb1 c3 39. Nf6 Qf8 40. Nh7 Qf7 0-1

[Event "DLM Youth 2024"]
[Site "Tuebingen"]
[Date "2024.10.05"]
[Round "5"]
[White "Moeller, Maurin"]
[Black "Hubert, Charlotte"]
[Result "1-0"]
[ECO "C54"]
[WhiteElo "2118"]
[BlackElo "1878"]
[Annotator "RC"]
[PlyCount "59"]
[EventDate "2024.10.03"]
[EventType "team-swiss"]
[EventRounds "7"]
[EventCountry "GER"]
[SourceTitle "playchess.com"]
[Source "ChessBase"]
[SourceQuality "1"]
[TimeControl "40/5400+30:1800+30"]

1. e4 e5 2. Nf3 Nc6 3. Bc4 Nf6 4. d3 Bc5 5. c3 d6 6. Nbd2 a5 7. Nf1 h6 8. Ng3 Be6 9. Bb3 Ba7 10. O-O O-O 11. Bc2 d5 12. exd5 Bxd5 13. h3 Qd7 14. Re1 Rfe8 15. Be3 b5 16. Nh4 Be6 17. Bxa7 Rxa7 18. Re3 Nd5 19. Rf3 b4 20. d4 Nde7 21. Nh5 Ng6 22. Rg3 Nce7 23. Nxg6 fxg6 24. Bxg6 Rf8 25. Nxg7 Nxg6 26. Rxg6 Qf7 27. Nxe6+ Qxg6 28. Nxf8 Kxf8 29. dxe5 Ke7 30. Qd6+ 1-0

[Event "DLM Youth 2024"]
[Site "Tuebingen"]
[Date "2024.10.05"]
[Round "5"]
[White "Shen, Tingrui"]
[Black "Groeschel, Karoline"]
[Result "1-0"]
[ECO "E07"]
[WhiteElo "2102"]
[BlackElo "1968"]
[Annotator "RC"]
[PlyCount "119"]
[EventDate "2024.10.03"]
[EventType "team-swiss"]
[EventRounds "7"]
[EventCountry "GER"]
[SourceTitle "playchess.com"]
[Source "ChessBase"]
[SourceQuality "1"]
[TimeControl "40/5400+30:1800+30"]

1. Nf3 d5 2. g3 Nd7 3. d4 e6 4. Bg2 Ngf6 5. O-O Be7 6. c4 O-O 7. Nc3 dxc4 8. e3 c6 9. Nd2 e5 10. Nxc4 exd4 11. exd4 Nb6 12. Nxb6 Qxb6 13. Qe2 Be6 14. Be3 Qa5 15. a3 Nd5 16. Nxd5 Bxd5 17. Bd2 Qd8 18. Bxd5 cxd5 19. Rac1 Bf6 20. Be3 Re8 21. Qb5 b6 22. Rc6 Re4 23. Qd3 Re6 24. Rc3 Rc8 25. Rfc1 Rxc3 26. Rxc3 Qd7 27. Qc2 Bd8 28. Rc8 f6 29. Ra8 Rc6 30. Rxd8+ Qxd8 31. Qxc6 h6 32. Bf4 Kh7 33. Bd6 Qg8 34. Qd7 a6 35. Bc7 b5 36. Bf4 Kh8 37. Qc6 Qf7 38. Qxa6 Qe8 39. Be3 Qe4 40. Qc6 Qb1+ 41. Qc1 Qe4 42. h3 Kh7 43. Qf1 Qe8 44. b3 Qc6 45. Qd3+ Kg8 46. Qg6 Kf8 47. Bd2 Qe6 48. Qh5 Qe4 49. Bb4+ Kg8 50. Qd1 Qe6 51. Qf3 Qc6 52. Kg2 Qe6 53. Qg4 Qc6 54. Bc5 Kf7 55. Qf5 g6 56. Qf4 g5 57. Qf5 Kg7 58. Be7 h5 59. a4 Kf7 60. Qxf6+ 1-0

[Event "DLM Youth 2024"]
[Site "Tuebingen"]
[Date "2024.10.05"]
[Round "5"]
[White "Braeutigam, Katerina"]
[Black "Li, Yunqi"]
[Result "0-1"]
[ECO "D02"]
[WhiteElo "2099"]
[BlackElo "2004"]
[Annotator "RC"]
[PlyCount "118"]
[EventDate "2024.10.03"]
[EventType "team-swiss"]
[EventRounds "7"]
[EventCountry "GER"]
[SourceTitle "playchess.com"]
[Source "ChessBase"]
[SourceQuality "1"]
[TimeControl "40/5400+30:1800+30"]

1. d4 Nf6 2. Bf4 d5 3. e3 c5 4. c3 Nc6 5. Nf3 Qb6 6. Qb3 c4 7. Qxb6 axb6 8. Na3 Bf5 9. Nh4 Bd7 10. Bc7 Ra6 11. Be2 Ne4 12. Nc2 e6 13. Nf3 Bd6 14. Bxd6 Nxd6 15. Nd2 b5 16. O-O O-O 17. Rfe1 Be8 18. Bh5 Ra8 19. g3 f6 20. Bxe8 Raxe8 21. e4 dxe4 22. Nxe4 Nxe4 23. Rxe4 e5 24. d5 Na7 25. a4 bxa4 26. Rxa4 Nc8 27. Re2 Nd6 28. Na3 Rc8 29. f4 Rfe8 30. fxe5 Rxe5 31. Rxe5 fxe5 32. Nc2 Rf8 33. Ne3 h6 34. Kg2 Kh7 35. Ra1 b5 36. Ng4 e4 37. Re1 Rf5 38. Ne3 Rf3 39. Re2 h5 40. Nc2 Kg6 41. Nd4 Rd3 42. Nc6 Kg5 43. h4+ Kg4 44. Ne5+ Kf5 45. Nc6 Kg4 46. Ne5+ Kf5 47. Nc6 Kg6 48. Nb4 Kf6 49. Kf2 Ke5 50. Kg2 Nf5 51. Nxd3+ cxd3 52. Rd2 Ne3+ 53. Kf2 Nc2 54. Kf1 Kxd5 55. b3 Kc5 56. Kg1 e3 57. Rxd3 e2 58. Re3 Nxe3 59. Kf2 Nf5 0-1

[Event "DLM Youth 2024"]
[Site "Tuebingen"]
[Date "2024.10.05"]
[Round "5"]
[White "Sauer, Tim"]
[Black "Belin, Anton"]
[Result "0-1"]
[ECO "A17"]
[WhiteElo "2081"]
[BlackElo "1994"]
[Annotator "RC"]
[PlyCount "62"]
[EventDate "2024.10.03"]
[EventType "team-swiss"]
[EventRounds "7"]
[EventCountry "GER"]
[SourceTitle "playchess.com"]
[Source "ChessBase"]
[SourceQuality "1"]
[TimeControl "40/5400+30:1800+30"]

1. c4 e6 2. Nf3 Nf6 3. Nc3 d5 4. e3 c5 5. cxd5 exd5 6. d4 c4 7. Ne5 Nc6 8. Be2 Be7 9. O-O O-O 10. b3 cxb3 11. Qxb3 Na5 12. Qc2 Be6 13. Bd2 Rc8 14. Rab1 Ne4 15. Bd3 f6 16. Nf3 f5 17. Ne5 b6 18. Ba6 Rc7 19. Qd3 Nc4 20. Nxc4 dxc4 21. Qe2 Nxc3 22. Bxc3 Bd5 23. Rfc1 Ba3 24. Bb2 Bxb2 25. Rxb2 f4 26. exf4 Rxf4 27. Bxc4 Bxc4 28. Rxc4 Rxd4 29. Qe6+ Kh8 30. Re2 Rd1+ 31. Re1 Rxc4 0-1

[Event "DLM Youth 2024"]
[Site "Tuebingen"]
[Date "2024.10.05"]
[Round "5"]
[White "Udelnov, Valentin"]
[Black "Nechitaylo, Nikita"]
[Result "1/2-1/2"]
[ECO "B42"]
[WhiteElo "2045"]
[BlackElo "2252"]
[Annotator "RC"]
[PlyCount "122"]
[EventDate "2024.10.03"]
[EventType "team-swiss"]
[EventRounds "7"]
[EventCountry "GER"]
[SourceTitle "playchess.com"]
[Source "ChessBase"]
[SourceQuality "1"]
[TimeControl "40/5400+30:1800+30"]

1. e4 c5 2. Nf3 e6 3. d4 cxd4 4. Nxd4 a6 5. Bd3 Bc5 6. Nb3 Ba7 7. Qe2 d6 8. Be3 Nc6 9. c4 Nf6 10. Nc3 O-O 11. O-O e5 12. Bxa7 Rxa7 13. Rfd1 Be6 14. Qe3 Qb8 15. Bf1 b6 16. h3 Rc8 17. Rd2 Ne7 18. Rad1 Ne8 19. Na4 b5 20. Nb6 Rc6 21. c5 Bxb3 22. axb3 h6 23. b4 Kh7 24. h4 Nc8 25. Nxc8 Qxc8 26. cxd6 Rd7 27. Qh3 f6 28. Qf5+ g6 29. Qe6 Qd8 30. h5 Ng7 31. hxg6+ Kxg6 32. Qg4+ Kh7 33. Be2 Rdxd6 34. Rxd6 Rxd6 35. Rc1 Qb6 36. Rc3 Qb7 37. Rg3 Qf7 38. Bd1 h5 39. Qf3 Kh6 40. Bb3 Qe8 41. Bd5 Qd7 42. Bg8 f5 43. exf5 Qxf5 44. Qb7 Qf6 45. Qe4 Qf5 46. Qb7 Qf6 47. Qe4 Qf5 48. Re3 Qxe4 49. Rxe4 Rd1+ 50. Kh2 Rd2 51. b3 Rd8 52. Bf7 Rd7 53. Bg8 Rd8 54. Bf7 Kg5 55. Re3 Rd4 56. Bg8 e4 57. Bh7 Nf5 58. Rc3 Ne7 59. Rc7 Kf6 60. Ra7 Rxb4 61. Rxa6+ Kg7 1/2-1/2

[Event "DLM Youth 2024"]
[Site "Tuebingen"]
[Date "2024.10.05"]
[Round "5"]
[White "Herrmann, Arthur"]
[Black "Mester, Philipp"]
[Result "1/2-1/2"]
[ECO "C54"]
[WhiteElo "2031"]
[BlackElo "1996"]
[Annotator "RC"]
[PlyCount "102"]
[EventDate "2024.10.03"]
[EventType "team-swiss"]
[EventRounds "7"]
[EventCountry "GER"]
[SourceTitle "playchess.com"]
[Source "ChessBase"]
[SourceQuality "1"]
[TimeControl "40/5400+30:1800+30"]

1. e4 e5 2. Nf3 Nc6 3. Bb5 Nf6 4. d3 Bc5 5. c3 O-O 6. O-O d6 7. Nbd2 a6 8. Ba4 Ba7 9. h3 Ne7 10. Re1 Ng6 11. Nf1 b5 12. Bc2 d5 13. Ng3 Bb7 14. a4 h6 15. Qe2 Re8 16. Be3 Nf4 17. Qd2 dxe4 18. dxe4 Bxe3 19. Qxe3 N6h5 20. Nxh5 Nxh5 21. axb5 axb5 22. Qc5 Qe7 23. Qxb5 Rab8 24. Qc4 Nf4 25. Ra5 Qf6 26. Qxc7 Qg6 27. g3 Nxh3+ 28. Kh2 Nxf2 29. Nxe5 Ng4+ 30. Nxg4 Qxg4 31. Qf4 Qe6 32. Rb5 Qc6 33. Rb4 Qc5 34. Bb3 Kh8 35. Kg2 Qa7 36. Kh2 Rbd8 37. Re2 Qa5 38. Rf2 Qh5+ 39. Kg1 Ba6 40. Qxf7 Qh3 41. Qf4 Rd3 42. Rg2 Red8 43. Rb8 Bc8 44. Rb4 Be6 45. Bc2 R3d6 46. e5 Rd1+ 47. Bxd1 Rxd1+ 48. Kf2 Bd5 49. Re4 Bxe4 50. Qxe4 Rd2+ 51. Kg1 Rd1+ 1/2-1/2

[Event "DLM Youth 2024"]
[Site "Tuebingen"]
[Date "2024.10.05"]
[Round "5"]
[White "Sheng, Ming"]
[Black "Walter, Richard"]
[Result "1-0"]
[ECO "B11"]
[WhiteElo "2007"]
[BlackElo "1958"]
[Annotator "RC"]
[PlyCount "73"]
[EventDate "2024.10.03"]
[EventType "team-swiss"]
[EventRounds "7"]
[EventCountry "GER"]
[SourceTitle "playchess.com"]
[Source "ChessBase"]
[SourceQuality "1"]
[TimeControl "40/5400+30:1800+30"]

1. e4 c6 2. Nc3 d5 3. Nf3 dxe4 4. Nxe4 Nf6 5. Qe2 Nxe4 6. Qxe4 Nd7 7. Bc4 Nf6 8. Ne5 e6 9. Qe2 b5 10. Bd3 Qc7 11. a4 Bd6 12. Nxc6 b4 13. Nd4 a6 14. Nf5 Bb7 15. Nxd6+ Qxd6 16. O-O h5 17. Qe3 Qd5 18. f3 Ng4 19. Qe2 Qd4+ 20. Kh1 Qd6 21. f4 g5 22. Be4 gxf4 23. Qf3 Bxe4 24. Qxe4 Ra7 25. Qxf4 Qb6 26. a5 Qb7 27. Ra4 e5 28. Qxb4 Qc8 29. Qb6 Rc7 30. c3 Rc4 31. Qb3 Rxa4 32. Qxa4+ Kf8 33. Qb4+ Kg8 34. Qe7 Qc4 35. d3 Qb3 36. Bg5 Qb8 37. Qxf7# 1-0

[Event "DLM Youth 2024"]
[Site "Tuebingen"]
[Date "2024.10.05"]
[Round "5"]
[White "Albrecht, Neil"]
[Black "Malinowsky, Levi"]
[Result "1/2-1/2"]
[ECO "B90"]
[WhiteElo "1997"]
[BlackElo "2065"]
[Annotator "RC"]
[PlyCount "120"]
[EventDate "2024.10.03"]
[EventType "team-swiss"]
[EventRounds "7"]
[EventCountry "GER"]
[SourceTitle "playchess.com"]
[Source "ChessBase"]
[SourceQuality "1"]
[TimeControl "40/5400+30:1800+30"]

1. e4 c5 2. Nf3 d6 3. d4 cxd4 4. Nxd4 Nf6 5. Nc3 a6 6. Bd3 e5 7. Nde2 Be7 8. O-O O-O 9. Ng3 Be6 10. Nd5 Nxd5 11. exd5 Bxd5 12. Bxh7+ Kxh7 13. Qxd5 Nc6 14. f4 f5 15. Be3 g6 16. Rad1 Qc7 17. c3 Rad8 18. Ne2 Bf6 19. Rf3 Kg7 20. Rh3 Rh8 21. Rxh8 Kxh8 22. Qe6 Kg7 23. g4 Qd7 24. gxf5 gxf5 25. Qxd7+ Rxd7 26. fxe5 Bxe5 27. Nf4 Kf6 28. Kf2 Rh7 29. h3 Ne7 30. Rg1 Bxf4 31. Bxf4 Rxh3 32. Bg5+ Kf7 33. Bxe7 Kxe7 34. Rg7+ Kf6 35. Rxb7 Kg5 36. Rb6 Kg4 37. Rxd6 Rh2+ 38. Kg1 Rxb2 39. Rxa6 Kf3 40. c4 f4 41. Rf6 Rg2+ 42. Kf1 Rxa2 43. Kg1 Rc2 44. Rf8 Rxc4 45. Rf7 Rc8 46. Rf6 Rc1+ 47. Kh2 Rf1 48. Ra6 Rd1 49. Rf6 Rd4 50. Kg1 Rd5 51. Rf8 Re5 52. Rf7 Re1+ 53. Kh2 Ke3 54. Kg2 Re2+ 55. Kf1 Rc2 56. Rf8 Kf3 57. Kg1 Rg2+ 58. Kf1 Rg4 59. Ra8 Kg3 60. Ra3+ f3 1/2-1/2